 Dungeon Crawl Stone Soup version 0.20-a0-1101-g1de9d76 (webtiles) character file.

4046 Alarkh the Cleaver (level 10, 14/70 HPs)
             Began as a Demonspawn Berserker on May 4, 2017.
             Was a High Priest of Trog.
             Quit the game on level 8 of the Dungeon.
             The game lasted 00:09:53 (9567 turns).

Alarkh the Cleaver (Demonspawn Berserker)           Turns: 9567, Time: 00:09:54

Health: 14/70      AC: 16    Str: 17 (18) XL:     10   Next: 4%
Magic:  10/10      EV: 11    Int: 10 (12) God:    Trog [*****.]
Gold:   253        SH:  0    Dex: 11 (14) Spells: 9/9 levels left

rFire    + . .     SeeInvis .   a - +0 war axe
rCold    + . .     Gourm    .   (no shield)
rNeg     . . .     Faith    .   q - +4 ring mail {rF+}
rPois    .         Spirit   .   (no helmet)
rElec    .         Reflect  .   i - +2 cloak
rCorr    .         Harm     .   I - +0 pair of gloves
MR       +....                  J - +0 pair of boots
Stlth    ++........             l - amulet of rage
Regen    0.3/turn               j - +2 ring of protection
MPRegen  0.2/turn               N - ring of protection from magic

@: flying (expiring), slowed, very slow
A: talons 2, thin skeletal structure 2, clumsy 1, cold resistance 1, wild magic
1
a: Berserk, Trog's Hand, Brothers in Arms, Burn Spellbooks, Renounce Religion,
Evoke Berserk Rage


You were on level 8 of the Dungeon.
You worshipped Trog.
Trog was extremely pleased with you.
You were not hungry.

You visited 2 branches of the dungeon, and saw 9 of its levels.
You also visited: Ossuary.

You collected 253 gold pieces.

Inventory:

Hand Weapons
 a - a +0 war axe (weapon)
 w - a +0 hand axe
Armour
 b - a +0 animal skin
 i - a +2 cloak (worn)
 q - a +4 ring mail of fire resistance (worn)
 I - a +0 pair of gloves (worn)
 J - a +0 pair of boots (worn)
Jewellery
 j - a +2 ring of protection (left hand)
 l - an amulet of rage (around neck)
 F - an uncursed ring of protection from fire
 N - a ring of protection from magic (right hand)
Scrolls
 e - a scroll of identify
 f - a scroll of noise {unknown}
 h - a scroll of amnesia {unknown}
 k - 2 scrolls of teleportation
 n - a scroll of recharging
 r - a scroll of enchant weapon {unknown}
 x - 5 scrolls of remove curse
 y - a scroll of immolation {unknown}
 z - 2 scrolls of random uselessness {unknown}
 D - 2 scrolls of fog {unknown}
 K - a scroll of enchant armour
 O - a scroll of blinking {unknown}
Potions
 d - 4 potions of heal wounds
 g - 2 potions of resistance
 m - 2 potions of magic
 o - 2 potions of ambrosia
 p - 2 potions of curing
 s - 2 potions of lignification
 t - 2 potions of might
 v - a potion of mutation
 A - a potion of agility
 B - a potion of invisibility
 C - a potion of flight
 E - a potion of degeneration
Books
 H - a book of Changes

   Spells                             Type                      Level
   a - Beastly Appendage              Transmutation                1
   b - Sticks to Snakes               Transmutation                2
   c - Spider Form                    Transmutation/Poison         3
   d - Ice Form                       Ice/Transmutation            4
   e - Blade Hands                    Transmutation                5
   Trog disapproves of the use of such an item.
 L - a book of Clouds

   Spells                             Type                      Level
   a - Poisonous Vapours              Poison/Air                   2
   b - Mephitic Cloud                 Conjuration/Poison/Air       3
   c - Conjure Flame                  Conjuration/Fire             3
   d - Freezing Cloud                 Conjuration/Ice/Air          6
   e - Ring of Flames                 Charms/Fire                  7
   Trog disapproves of the use of such an item.
Comestibles
 c - 7 bread rations
 u - 4 meat rations
 G - 3 fruits
 M - 2 chunks of flesh


   Skills:
 - Level 3.0 Fighting
 + Level 13.1 Axes
 - Level 1.7 Armour
 - Level 1.7 Dodging


You had 9 spell levels left.
You didn't know any spells.

Dungeon Overview and Level Annotations

Branches:
Dungeon (8/15)             Temple (1/1) D:6
   Lair: D:8-11

Altars:
Ashenzari
Dithmenos
Fedhas
Hepliaklqana
Kikubaaqudgha
Makhleb
Okawaru
Qazlal
Ru
Sif Muna
Trog
Uskayaw
Wu Jian
Xom
Yredelemnul
Zin
The Shining One


Innate Abilities, Weirdness & Mutations

You have razor-sharp toenails.
You have a moderately thin skeletal structure. (Dex +4, Stealth+)
You are clumsy. (Dex -2)
Your flesh is cold resistant. (rC+)
Your spells are a little harder to cast, but a little more powerful.


Message History

The gnoll shaman is lightly wounded.
You slash the worker ant!
You kill the worker ant!
Trog accepts your kill. The gnoll hits you but does no damage.
The gnoll shaman hits you but does no damage.
You hit the gnoll.
The gnoll is heavily wounded.
You slash the gnoll shaman!
You are starting to lose your buoyancy.
The gnoll closely misses you. x2
The gnoll shaman hits you with a whip of freezing.
You slash the gnoll!
You kill the gnoll!
Trog accepts your kill.
You hit the gnoll shaman.
The gnoll shaman hits you but does no damage.
The gnoll hits you from afar with a halberd!
* * * LOW HITPOINT WARNING * * *
Are you sure you want to abandon this character and quit the game? (Confirm with "yes".)

##..######
........#
.......#
.$....#
.....# #
..s.#$.#
####ggg..#
####...@#
#..$)####
#.#### ..
##


You could see a gnoll shaman, a scorpion and 2 gnolls.

Vanquished Creatures
  The ghost of Alarkh the Cleaver, a novice DsBe of Trog (D:6)
  3 sky beasts
  An ice beast (D:5)
  A black bear (D:3)
  A phantom (D:7)
  2 orc warriors
  4 ogres
  3 centaurs
  A bullfrog (D:7)
  A gnoll sergeant (D:6)
  3 water moccasin zombies (Ossuary)
  A scorpion (D:6)
  5 wights (D:6)
  4 howler monkeys
  2 bullfrog zombies
  4 crimson imps
  3 jellies
  2 orc priests
  2 hounds
  A gnoll shaman (D:6)
  An iguana (D:6)
  Terence (D:2)
  11 orc wizards
  3 worker ants
  5 big kobold zombies (Ossuary)
  2 mummies (Ossuary)
  2 hound zombies
  2 hound skeletons
  15 gnolls
  10 adders
  2 shadow imps
  6 adder zombies
  An adder skeleton (D:6)
  5 worms
  6 dart slugs
  5 leopard geckos
  33 orcs
  A ball python (D:1)
  5 giant cockroaches
  8 gnoll zombies (Ossuary)
  7 goblins
  6 hobgoblins
  8 jackals
  8 kobolds
  3 quokkas
  8 bats
  8 frilled lizards
  A giant cockroach zombie (D:6)
  4 hobgoblin zombies (Ossuary)
  A kobold zombie (Ossuary)
  A leopard gecko skeleton (D:4)
  8 orc zombies (Ossuary)
  A quokka zombie (D:7)
  4 rats (D:1)
237 creatures vanquished.

Notes
Turn   | Place    | Note
-------+----------+-------------------------------------------
     0 | D:1      | Alarkh the Demonspawn Berserker began the quest for the Orb.
     0 | D:1      | Reached XP level 1. HP: 18/18 MP: 1/1
    35 | D:1      | Reached skill level 3 in Axes
    46 | D:1      | Gained mutation: You have sharp toenails. [demonic ancestry]
    46 | D:1      | Reached XP level 2. HP: 18/24 MP: 2/2
   711 | D:1      | Reached ** piety under Trog
   751 | D:1      | Reached XP level 3. HP: 29/29 MP: 3/3
  1397 | D:2      | Reached skill level 4 in Axes
  2002 | D:2      | Gained mutation: You have a somewhat thin skeletal structure. (Dex +2, Stealth) [demonic ancestry]
  2002 | D:2      | Reached XP level 4. HP: 35/35 MP: 4/4
  2277 | D:2      | Noticed Terence
  2287 | D:2      | Killed Terence
  2287 | D:2      | Reached skill level 5 in Axes
  2424 | D:2      | Reached XP level 5. HP: 37/41 MP: 5/5
  2551 | D:3      | Noticed a black bear
  2563 | D:3      | Killed a black bear
  2563 | D:3      | Reached skill level 6 in Axes
  2747 | D:3      | Found a glowing golden altar of the Shining One.
  2747 | D:3      | Found a hide-covered altar of Uskayaw.
  2875 | D:3      | Found a glowing silver altar of Zin.
  2889 | D:3      | Gained mutation: You have razor-sharp toenails. [demonic ancestry]
  2889 | D:3      | Reached XP level 6. HP: 44/47 MP: 6/6
  3123 | D:3      | Found a shadowy altar of Dithmenos.
  3128 | D:3      | Reached *** piety under Trog
  3537 | D:4      | Found a sand-covered staircase.
  3541 | Ossuary  | Entered an ossuary
  3642 | Ossuary  | Reached skill level 7 in Axes
  3707 | Ossuary  | Reached XP level 7. HP: 36/52 MP: 7/7
  3850 | Ossuary  | Reached **** piety under Trog
  4077 | D:4      | Reached skill level 8 in Axes
  4684 | D:5      | Entered Level 5 of the Dungeon
  4844 | D:5      | Gained mutation: You expend magic power (3 MP) to strengthen your wands. [mutagenic meat]
  4845 | D:5      | Gained mutation: You are dopey. (Int -2) [mutagenic meat]
  4846 | D:5      | Gained mutation: You are frail. (-10% HP) [mutagenic meat]
  4963 | D:5      | Found Pisain's Gadget Emporium.
  4976 | D:5      | Reached skill level 9 in Axes
  4976 | D:5      | Reached XP level 8. HP: 52/52 MP: 8/8
  4982 | D:5      | Reached ***** piety under Trog
  5429 | D:5      | Reached skill level 10 in Axes
  6633 | D:6      | Reached skill level 11 in Axes
  6633 | D:6      | Gained mutation: You have a moderately thin skeletal structure. (Dex +4, Stealth+) [demonic ancestry]
  6633 | D:6      | Reached XP level 9. HP: 28/56 MP: 9/9
  6659 | D:6      | Gained mutation: You are resistant to hostile enchantments. (MR+) [mutagenic meat]
  6660 | D:6      | Lost mutation: You are frail. (-10% HP) [mutagenic meat]
  6661 | D:6      | Gained mutation: Your spells are a little harder to cast, but a little more powerful. [mutagenic meat]
  6663 | D:6      | Gained mutation: Your magical capacity is low. (-10% MP) [mutagenic meat]
  6664 | D:6      | Gained mutation: Your flesh is cold resistant. (rC+) [mutagenic meat]
  6993 | D:6      | Found a staircase to the Ecumenical Temple.
  6995 | D:6      | Noticed Alarkh's ghost (novice DsBe)
  7009 | Temple   | Entered the Ecumenical Temple
  7571 | D:6      | Killed Alarkh's ghost
  8021 | D:6      | Reached skill level 12 in Axes
  8044 | D:6      | Found an iron altar of Okawaru.
  8505 | D:6      | Lost mutation: You expend magic power (3 MP) to strengthen your wands. [potion of mutation]
  8505 | D:6      | Lost mutation: You are dopey. (Int -2) [potion of mutation]
  8505 | D:6      | Lost mutation: Your magical capacity is low. (-10% MP) [potion of mutation]
  8505 | D:6      | Lost mutation: Your spells are a little harder to cast, but a little more powerful. [potion of mutation]
  8505 | D:6      | Lost mutation: You are resistant to hostile enchantments. (MR+) [potion of mutation]
  8505 | D:6      | Gained mutation: You are clumsy. (Dex -2) [potion of mutation]
  8505 | D:6      | Gained mutation: Your spells are a little harder to cast, but a little more powerful. [potion of mutation]
  9469 | D:7      | Reached skill level 13 in Axes
  9526 | D:7      | Reached XP level 10. HP: 67/70 MP: 10/10
  9567 | D:8      | Quit the game

Vault maps used:
D:1:      elethiomel_arrival_quiet, minmay_misc_feat_secret_circle,
          feat_on_display
D:2:      first_bread, minivault_4, minmay_ruptured, uniq_terence
D:3:      overflow_temple_1_default, nicolae_overflow_hidden_temple,
          gammafunk_temple_overflow_wave
D:4:      enter_ossuary_5
D:5:      kennysheep_six_static_rooms, serial_shops, shop
D:6:      nicolae_whirlpool, lemuel_doored_altar,
          minmay_temple_entry_statues_fountains
D:7:      minmay_a_box_with_orc_wizards_in_it
D:8:      nicolae_overflow_quartered_altars, hangedman_little_slice_of_home
Temple:   minmay_temple_forest_path
Ossuary:  ossuary_tomb_2

Skill      XL: |  1  2  3  4  5  6  7  8  9 |
---------------+----------------------------+-----
Axes           | 3 4 5 6 7 9 11 13 | 13.1
Fighting       | |  3.0
Armour         | |  1.7
Dodging        | |  1.7

Action                   |  1- 3 |  4- 6 |  7- 9 | 10-12 || total
-------------------------+-------+-------+-------+-------++-------
Melee: Hand axe          |   139 |    92 |       |       ||   231
       Kick              |    27 |    51 |    86 |       ||   164
       War axe           |       |   121 |   576 |    16 ||   713
Invok: Berserk           |     4 |     2 |     9 |     1 ||    16
  Use: Scroll            |       |     5 |     6 |       ||    11
       Potion            |       |       |     4 |     2 ||     6
 Stab: Sleeping          |     2 |     2 |       |       ||     4
       Distracted        |       |     1 |       |       ||     1
  Eat: Chunk             |     6 |     9 |    27 |       ||    42
       Meat ration       |       |       |     2 |       ||     2
Armor: Animal skin       |    38 |     4 |       |       ||    42
       Ring mail         |       |    88 |   252 |     7 ||   347
       Skin              |       |     2 |       |       ||     2
Dodge: Dodged            |    90 |   127 |   283 |     8 ||   508
